 Dungeon Crawl Stone Soup version 0.32-a0-314-g526f7d4 (webtiles) character file.

Game seed: 4788611883876360422

5342 stone111 the Basher (level 10, 0/132 HPs)
             Began as a Mountain Dwarf Fighter on Feb 15, 2024.
             Was a Priest of Beogh.
             Succumbed to Bogdan's poison
             ... on level 9 of the Dungeon.
             The game lasted 00:19:54 (7847 turns).

stone111 the Basher (Mountain Dwarf Fighter)        Turns: 7847, Time: 00:19:55

Health: 0/132      AC: 13    Str: 24    XL:     10   Next: 38%
Magic:  4/16       EV:  9    Int:  8    God:    Beogh [***...]
Gold:   423        SH:  5    Dex: 15    Spells: 9/9 levels left

rFire   . . .        D - +2 mace (freeze)
rCold   . . .        c - +0 buckler
rNeg    . . .        b - +0 scale mail
rPois   .            u - +0 helmet
rElec   .            s - scarf {shadows}
rCorr   .            m - +2 pair of gloves
SInv    .            l - +0 pair of boots
Will    +....        f - amulet of guardian spirit Stlth
                     i - +6 ring of dexterity
HPRegen 0.42/turn    (no ring)
MPRegen 0.15/turn

%: guardian spirit
@: berserking, lethally poisoned (0 -> -19), very quick
A: runic magic, artefact enchanting
a: Renounce Religion, Smiting, Recall Apostles, Dismiss Morun, wizard


You were on level 9 of the Dungeon.
You worshipped Beogh.
Beogh was most pleased with you.
You visited 2 branches of the dungeon, and saw 10 of its levels.

You collected 423 gold pieces.

Inventory:

Hand Weapons
 a - a +0 flail
 w - a +4 trident
 D - a +2 mace of freezing (weapon)
Armour
 b - a +0 scale mail (worn)
 c - a +0 buckler (worn)
 j - a +1 cloak of poison resistance
 l - a +0 pair of boots (worn)
 m - a +2 pair of gloves (worn)
 s - a scarf of shadows (worn)
 u - a +0 helmet (worn)
Jewellery
 f - an amulet of guardian spirit (around neck)
 i - a +6 ring of dexterity (left hand)
 G - a +6 ring of intelligence
Wands
 k - a wand of mindburst (12)
 A - a wand of flame (51)
 B - a wand of charming (9)
Scrolls
 e - 2 scrolls of teleportation
 g - a scroll of brand weapon
 h - a scroll of immolation
 o - a scroll of enchant weapon
 p - a scroll of poison
 q - a scroll of amnesia
 t - a scroll of fear {unknown}
 v - a scroll of silence {unknown}
 y - a scroll of fog {unknown}
 E - a scroll of enchant armour {unknown}
Potions
 n - a potion of magic
 r - 2 potions of brilliance
 x - a potion of berserk rage
 z - 2 potions of mutation {unknown}
 C - a potion of enlightenment {unknown}
 F - a potion of resistance {unknown}
 I - a potion of invisibility {unknown}


   Skills:
 + Level 7.8 Fighting
 * Level 12.8 Maces & Flails
 - Level 6.1 Armour
 - Level 3.2 Shields
 + Level 8.2 Invocations
 - Level 5.0 Evocations


You had 9 spell levels left.
You didn't know any spells.
Your spell library contained the following spells:

 Spells                   Type           Power      Damage    Failure   Level
 Summon Small Mammal      Summ           0%         N/A       54%         1
 Blink                    Tloc           0%         N/A       67%         2
 Cigotuvi's Dreadful Rot  Necr/Alch/Air  0%         N/A       67%         2
 Lesser Beckoning         Tloc           0%         N/A       67%         2
 Momentum Strike          Conj/Tloc      0%         3d8       67%         2
 Scorch                   Fire           0%         2d5       67%         2
 Call Canine Familiar     Summ           0%         N/A       88%         3
 Dazzling Flash           Conj/Hex       0%         N/A       88%         3
 Frozen Ramparts          Ice            0%         1d1       88%         3
 Tukima's Dance           Hex            0%         N/A       88%         3
 Volatile Blastmotes      Fire/Tloc      0%         2d10      88%         3
 Brom's Barrelling Bould  Conj/Erth      0%         2d3       99%         4
 Flame Wave               Conj/Fire      0%         2d4       99%         4
 Ignite Poison            Fire/Alch      0%         N/A       99%         4
 Leda's Liquefaction      Alch/Erth      0%         N/A       99%         4
 Passage of Golubria      Tloc           0%         N/A       99%         4
 Petrify                  Alch/Erth      0%         N/A       99%         4
 Summon Blazeheart Golem  Fire/Summ      0%         N/A       99%         4
 Alistair's Intoxication  Alch           0%         N/A       100%        5
 Borgnjor's Vile Clutch   Necr/Erth      0%         N/A       100%        5
 Fireball                 Conj/Fire      0%         3d3       100%        5
 Freezing Cloud           Conj/Ice/Air   0%         6-21      100%        5
 Iskenderun's Battlesphe  Conj           0%         2d6       100%        5
 Metabolic Englaciation   Hex/Ice        0%         N/A       100%        5
 Yara's Violent Unravell  Hex/Alch       0%         3d3       100%        5
 Conjure Ball Lightning   Conj/Air       0%         3x3d6     100%        6
 Eringya's Noxious Bog    Alch           0%         4d6       100%        6
 Starburst                Conj/Fire      0%         6d3       100%        6
 Summon Cactus Giant      Summ           0%         N/A       100%        6
 Haunt                    Necr/Summ      0%         N/A       100%        7
 Orb of Destruction       Conj           0%         9d5       100%        7
 Borgnjor's Revivificati  Necr           0%         N/A       100%        8
 Maxwell's Capacitive Co  Air            0%         ∞         100%        8
 Death's Door             Necr           0%         N/A       100%        9


Dungeon Overview and Level Annotations

Branches:
Dungeon (9/15)             Temple (1/1) D:6
   Lair: D:8-11         Orc: D:9-12

Altars:
Cheibriados
Dithmenos
Gozag
Hepliaklqana
Kikubaaqudgha
Okawaru
Qazlal
Sif Muna
Trog
Wu Jian
Xom
The Shining One
Beogh

Shops:
D:6 :   D:8 [


Innate Abilities, Weirdness & Mutations

Your facial features look somewhat orcish.
Your spellcasting is much less encumbered by armour.
You can use scrolls of enchantment on lesser artefacts.


Message History

Unknown command.
It was a potion of berserk rage.
A red film seems to cover your vision as you go berserk!
You feel yourself moving faster!
You feel mighty!
You feel sick.
Bogdan is no longer moving slowly.
Bogdan looks more healthy.
Bogdan closely misses you.
Unknown command.
Unknown command.
You sock Bogdan! You freeze Bogdan.
Bogdan is severely wounded.
You feel sick.
You thump Bogdan! You freeze Bogdan.
Bogdan is severely wounded.
You feel sick.
Bogdan hits you with a +3 trident of venom!
* * * LOW HITPOINT WARNING * * *
You are lethally poisoned!
Unknown command.
You closely miss Bogdan.
Bogdan is severely wounded.
* * * LOW HITPOINT WARNING * * *
You feel very sick.
You miss Bogdan.
Bogdan is severely wounded.
* * * LOW HITPOINT WARNING * * *
You feel very sick. Bogdan hits you but does no damage.
You are more poisoned.
You sock Bogdan! You freeze Bogdan.
Bogdan is severely wounded.
* * * LOW HITPOINT WARNING * * *
You feel very sick.
You sock Bogdan! You freeze Bogdan.
Bogdan is almost dead.
* * * LOW HITPOINT WARNING * * *
You feel very sick.
Bogdan is no longer regenerating.
You block Bogdan's attack.
You hit Bogdan but do no damage.
Bogdan is almost dead.
You die...

## . .#
###.####
#.o..$.#
#@# #.#
#.#
#.#####
#.....#
#####.#


You could see Bogdan the orc apostle (divinely empowered).

Vanquished Creatures
  A cyclops (D:6)
  6 yaks (D:9)
  A wyvern (D:9)
  3 vampire mosquitoes (D:6)
  2 steam dragons
  A water moccasin (D:8)
  2 black bears
  2 ice beasts (D:6)
  2 sky beasts
  The ghost of Radamante the Shield-Bearer, an amateur MiFi (D:3)
  An ogre (D:5)
  A centaur (D:5)
  A phantom (D:4)
  3 kobold brigands
  2 bullfrogs
  2 water moccasin zombies (D:7)
  2 burial acolytes (D:7)
  A wyvern skeleton (D:7)
  2 wights (D:7)
  4 killer bees (D:8)
  2 howler monkeys
  A centaur zombie (D:7)
  A human zombie (D:7)
  Crazy Yiuf (D:7)
  12 hounds
  3 jellies
  2 centaur skeletons (D:7)
  5 sleepcaps
  4 iguanas
  Ijyb (D:3)
  4 orc wizards
  A killer bee zombie (D:7)
  7 gnolls
  6 adders
  2 shadow imps (D:6)
  2 white imps
  12 ufetubi
  3 dart slugs
  A ribbon worm (D:3)
  9 orcs
  4 endoplasms
  2 giant cockroaches
  18 goblins
  12 hobgoblins
  12 jackals
  16 kobolds
  2 quokkas
  4 ball pythons
  2 bats (D:2)
  3 frilled lizards (D:1)
  5 rats
199 creatures vanquished.

Vanquished Creatures (collateral kills)
  A gnoll (D:8)
  A kobold (D:8)
2 creatures vanquished.

Vanquished Creatures (others)
  An orc apostle (D:8)
  3 orcs
4 creatures vanquished.

Grand Total: 205 creatures vanquished

Notes
Turn   | Place    | Note
-------+----------+-------------------------------------------
     0 | D:1      | stone111 the Mountain Dwarf Fighter began the quest for the
                  | Orb.
     0 | D:1      | Reached XP level 1. HP: 19/19 MP: 1/1
    39 | D:1      | Reached skill level 3 in Maces & Flails
    61 | D:1      | Reached XP level 2. HP: 24/26 MP: 2/2
   236 | D:1      | Reached skill level 4 in Maces & Flails
   314 | D:1      | Reached XP level 3. HP: 31/31 MP: 3/3
   741 | D:2      | Reached skill level 5 in Maces & Flails
   843 | D:2      | Reached XP level 4. HP: 36/38 MP: 4/4
   985 | D:2      | Reached skill level 6 in Maces & Flails
  1266 | D:2      | Reached XP level 5. HP: 45/45 MP: 5/5
  1706 | D:3      | Noticed Ijyb
  1726 | D:3      | HP: 2/45 [disintegration (4)]
  1732 | D:3      | Killed Ijyb
  2077 | D:3      | Noticed a black bear
  2092 | D:3      | Killed a black bear
  2093 | D:3      | Reached skill level 7 in Maces & Flails
  2093 | D:3      | Reached XP level 6. HP: 42/51 MP: 6/6
  2320 | D:3      | Found a runed translucent gate.
  2320 | D:3      | Noticed Radamante's ghost (amateur MiFi)
  2321 | D:3      | Found a runed translucent gate.
  2322 | D:3      | Found a runed translucent gate.
  2333 | D:3      | Identified the +5 whip of Cheibriados's Delight {freeze,
                  | Dex+3}
  2373 | D:3      | Became a worshipper of Beogh the Shepherd
  2377 | D:3      | Killed Radamante's ghost
  2378 | D:3      | Reached skill level 8 in Maces & Flails
  2378 | D:3      | Found a roughly hewn altar of Beogh.
  2779 | D:4      | Reached skill level 9 in Maces & Flails
  2880 | D:4      | Reached skill level 1 in Invocations
  2880 | D:4      | Reached XP level 7. HP: 54/57 MP: 7/7
  2945 | D:4      | Reached skill level 1 in Evocations
  3137 | D:4      | Found a bloodstained altar of Trog.
  3141 | D:4      | Found a shimmering blue altar of Sif Muna.
  3193 | D:4      | Reached * piety under Beogh
  3493 | D:5      | Entered Level 5 of the Dungeon
  3827 | D:5      | Reached XP level 8. HP: 44/67 MP: 10/10
  4549 | D:6      | Found Remmov's Vocational Training.
  4565 | D:6      | Found a staircase to the Ecumenical Temple.
  4576 | Temple   | Entered the Ecumenical Temple
  5107 | D:6      | Noticed a cyclops
  5115 | D:6      | Reached skill level 5 in Fighting
  5115 | D:6      | Reached skill level 10 in Maces & Flails
  5115 | D:6      | Reached skill level 5 in Armour
  5143 | D:6      | Killed a cyclops
  5144 | D:6      | Reached skill level 5 in Invocations
  5144 | D:6      | Reached XP level 9. HP: 37/74 MP: 7/12
  5151 | D:6      | Reached ** piety under Beogh
  5321 | D:6      | Noticed a boulder beetle
  5719 | D:7      | Reached skill level 5 in Evocations
  5808 | D:7      | Reached skill level 11 in Maces & Flails
  6028 | D:6      | Noticed a cyclops
  6331 | D:7      | Found a runed translucent door.
  6332 | D:7      | Noticed Crazy Yiuf
  6341 | D:7      | Killed Crazy Yiuf
  6519 | D:7      | Found an ancient bone altar of Kikubaaqudgha.
  6631 | D:7      | Reached *** piety under Beogh
  6659 | D:7      | Noticed Morun
  6684 | D:7      | Anointed Morun the wizard as your apostle
  7014 | D:8      | Reached XP level 10. HP: 86/86 MP: 15/15
  7130 | D:8      | Reached skill level 12 in Maces & Flails
  7229 | D:8      | Found Jaocov's Antique Armour Emporium.
  7316 | D:8      | Noticed a gargoyle
  7326 | D:8      | Your ally Morun died
  7829 | D:9      | Noticed Bogdan
  7845 | D:9      | HP: 6/132 [poisoned by Bogdan]
  7847 | D:9      | Succumbed to Bogdan's poison

Illustrated notes

Levels and vault maps discovered:
D:1:      wander_arrival_desolate, layout_loops_ring
D:2:      layout_loops_corners, serial_glass, glass_columns_a, glass_columns_c,
          minmay_strange_pillars
D:3:      layout_basic, biasface_ghost_orc_armoury, uniq_ijyb
D:4:      layout_basic, hellmonk_overflow_destroyed_library
D:5:      layout_cave_pools
D:6:      minmay_klotski, layout_loops_ring, minmay_temple_entry_offerings,
          nicolae_shop_vocational
D:7:      layout_cave_pools, lemuel_mausoleum_altar_kikubaaqudgha,
          uniq_crazy_yiuf_cottage
D:8:      cheibrodos_statue_roulette, layout_basic, serial_shops, shop
D:9:      layout_loops_cross, serial_shops, shop
Temple:   nicolae_temple_cloud_nine

Skill      XL: |  1  2  3  4  5  6  7  8  9 10 |
---------------+-------------------------------+-----
Maces & Flails | 3 4 5 6 7 9 10 11 12 | 12.8
Invocations    | 1 3 5 7 8 |  8.2
Evocations     | 2 4 5 |  5.0
Fighting       | 4 5 7 |  7.8
Armour         | 4 5 6 |  6.1
Shields        | |  3.2

Action                     |  1- 3 |  4- 6 |  7- 9 | 10-12 || total
---------------------------+-------+-------+-------+-------++-------
  Melee: Flail             |   120 |   183 |   451 |       ||   754
         Mace              |       |       |    36 |   104 ||   140
  Throw: Dart              |       |       |       |     1 ||     1
 Invoke: Convert to Beogh  |       |     1 |       |       ||     1
         Recruit Apostle   |       |       |     1 |       ||     1
  Evoke: Wand              |       |       |     3 |     2 ||     5
    Use: Scroll            |     1 |     3 |     8 |     3 ||    15
         Potion            |       |     3 |     1 |     2 ||     6
   Stab: Distracted        |       |     1 |       |       ||     1
 Armour: Scale mail        |    68 |   137 |   455 |    62 ||   722
  Dodge: Dodged            |    51 |    72 |   271 |    20 ||   414
  Block: Buckler           |    32 |    51 |   134 |    13 ||   230

Table legend: (Time is in decaauts)
 A = Elapsed time spent in this place.
 B = Non-inter-level travel time spent in this place.
 C = Inter-level travel time spent in this place.
 D = Time resting spent in this place.
 E = Time spent auto-exploring this place.
 F = Levels seen in this place.
 G = Mean time per level.
                   A        B        C        D        E       F      G
               +--------+--------+--------+--------+--------+-----+--------+
         Total |   7834 |   7507 |    327 |   1267 |   4433 |  10 |  783.4 |
       Dungeon |   7832 |   7506 |    326 |   1267 |   4433 |   9 |  870.2 |
        Temple |      1 |      1 |      0 |      0 |      0 |   1 |    1.0 |
               +--------+--------+--------+--------+--------+-----+--------+

Top non-repeatable levels by time:
     D:7: 1210 daAuts
     D:6: 1190 daAuts
     D:4: 1109 daAuts
     D:2: 954 daAuts
     D:3: 854 daAuts
     D:1: 757 daAuts
     D:5: 734 daAuts
     D:8: 710 daAuts
     D:9: 311 daAuts
  Temple: 1 daAuts
